 Dungeon Crawl Stone Soup version 0.18.1-48-g4cf74bf (webtiles) character file.

32 Freeplumber the Gusty (level 3, -10/16 HPs)
             Began as a Vine Stalker Air Elementalist on July 9, 2016.
             Mangled by a worm (12 damage)
             ... on level 2 of the Dungeon.
             The game lasted 00:05:27 (748 turns).

Freeplumber the Gusty (VSAE)                         Turns: 748, Time: 00:05:28

Health: -10/16     AC:  2    Str: 11    XL:     3   Next: 25%
Magic:  0/7        EV: 12    Int: 15    God:
Gold:   90         SH:  0    Dex: 14    Spells: 3 memorised, 1 level left

rFire  . . .     SeeInvis .     d - +0 dagger
rCold  . . .     Gourm    .     a - +0 robe
rNeg   . . .     Faith    .     (no shield)
rPois  .         Spirit   +     (no helmet)
rElec  .         Dismiss  .     (no cloak)
rCorr  .         Reflect  .     (no gloves)
SustAt .         Harm     .     (no boots)
MR     .....                    (no amulet)
Stlth  ++........               (no ring)
                                (no ring)

@: very slightly contaminated, not resistant to hostile enchantments, unstealthy
A: fangs 2, regeneration 1, magic shield, antimagic bite, no device heal 3, rot
immunity
a: no special abilities


You were on level 2 of the Dungeon.
You were not hungry.

You visited 1 branch of the dungeon, and saw 2 of its levels.

You collected 90 gold pieces.

Inventory:

Hand Weapons
 d - a +0 dagger (weapon)
 e - a +0 rapier
 g - a +0 trident
Armour
 a - a +0 robe (worn)
Scrolls
 f - a scroll of fog
Books
 b - a book of Air

   Spells                             Type                      Level
   a - Shock                          Conjuration/Air              1
   b - Swiftness                      Charms/Air                   2
   c - Repel Missiles                 Charms/Air                   2
   d - Static Discharge               Conjuration/Air              3
   e - Lightning Bolt                 Conjuration/Air              5
Comestibles
 c - a bread ration
 i - a beef jerky


   Skills:
 + Level 0.1 Short Blades
 + Level 1.9 Dodging
 + Level 2.6 Stealth
 + Level 2.5 Spellcasting
 + Level 1.1 Conjurations
 + Level 3.6 Air Magic


You had one spell level left.
You knew the following spells:

 Your Spells              Type           Power        Failure   Level  Hunger
a - Shock                 Conj/Air       #...         12%         1    #......
b - Repel Missiles        Chrm/Air       #.....       17%         2    ###....
c - Static Discharge      Conj/Air       #.......     30%         3    ###....


Dungeon Overview and Level Annotations

Branches:
Dungeon (2/15)

Altars:
Cheibriados
Pakellas


Innate Abilities, Weirdness & Mutations

You have extremely sharp teeth.
Your natural rate of healing is unusually fast.
When hurt, damage is shared between your health and your magic reserves.
Your bite disrupts and absorbs the magic of your enemies.
Potions and wands cannot restore your health.
You are immune to rotting.


Message History

* * * LOW HITPOINT WARNING * * *
Casting: Shock
Confirm with . or Enter, or press ? or * to list all spells.
You don't have enough magic to cast that spell.
Read which item? (? for menu, Esc to quit)
As you read the scroll labeled DEMPEIDDOA, it crumbles to dust.
You feel aware of your surroundings.
You sensed 1 altar.
It was a scroll of magic mapping.
The worm barely misses you.
You hit the worm but do no damage.
The worm is lightly wounded.
Casting: Shock
Confirm with . or Enter, or press ? or * to list all spells.
Aiming: Shock
Press: ? - help, Shift-Dir - straight line, f/p - worm
Aim: a worm (lightly wounded)
The zap hits the worm.
The worm is moderately wounded.
The worm bites you!
Ouch! That really hurt!
You die...

#...##..###..##...#
#..#.##..#..##.#..#
#..#..##...##..#..#
#..#,#.##.##.#,#..#
#..#,*#.#.#.#*,#..#
#..#,**.#.#[**,#..#
#..##,*,#.#,*,##..#####****
#...#*,,#.#,,##...).....,,*
###.#..#*,#.#,##@...###...,,*
#>..##..#*...##w.#### *,≈≈≈,*
#....##..#*,##..## *,≈,≈,**
#<...###..#,#..## ****,≈≈≈,,*
#.....##.......# *,,,,,,,,,*
#......#....#..#* *,,,,,*,,,*
#....#......##..****,,,,,**,**
#............##..,,,,,,,,**,*
..(##.......#,*#..**,,,,,**,*****


You could see a worm.

Vanquished Creatures
  A dart slug (D:1)
  A giant gecko (D:1)
  A bat (D:1)
  6 giant cockroaches
  5 goblins (D:1)
  2 hobgoblins (D:1)
  A ball python (D:1)
  3 giant newts
  4 kobolds
  2 rats
26 creatures vanquished.

Notes
Turn   | Place    | Note
--------------------------------------------------------------
     0 | D:1      | Freeplumber the Vine Stalker Air Elementalist began the quest for the Orb.
     0 | D:1      | Reached XP level 1. HP: 9/9 MP: 4/4
   152 | D:1      | Reached XP level 2. HP: 12/13 MP: 4/6
   510 | D:1      | Reached XP level 3. HP: 15/16 MP: 3/7
   518 | D:1      | Learned a level 2 spell: Repel Missiles
   522 | D:1      | Learned a level 3 spell: Static Discharge
   591 | D:2      | Found an oddly glowing altar of Pakellas.
   640 | D:2      | Found a snail-covered altar of Cheibriados.
   748 | D:2      | Mangled by a worm

Action                   || total
-------------------------++-------
Melee: Dagger            ||    81
       Bite              ||    19
       Unarmed           ||     1
 Cast: Shock             ||    20
  Use: Scroll            ||     2
 Stab: Sleeping          ||     1
Armor: Robe              ||    19
Dodge: Dodged            ||    68
